Arizona Coyotes vs Los Angeles Kings
Created - Saturday, February 14, 2026 at 09:09
Goals
|
| Arizona Coyotes |
1 |
2 |
3 |
0 |
1 |
7 |
| Los Angeles Kings |
1 |
2 |
3 |
0 |
0 |
6 |
|
Shots
|
| Arizona Coyotes |
14 |
16 |
6 |
1 |
3 |
37 |
| Los Angeles Kings |
9 |
11 |
23 |
3 |
3 |
46 |
|
1st period
1. Los Angeles Kings , Adam Fantilli 11 (Andrei Kuzmenko 10, Andrei Svechnikov 17) at 2:44
2. Arizona Coyotes , Kiefer Sherwood 12 (Anders Lee 13, Radko Gudas 7) at 17:02 (PP)
Penalties :
Charlie Coyle (AZC) for Hooking (Minor) at 3:14, Evander Kane (LAK) for Tripping (Minor) at 7:52, K'Andre Miller (LAK) for Unsportsmanlike conduct (Minor) at 16:46
2nd period
3. Arizona Coyotes , Tyler Bertuzzi 11 (Mats Zuccarello 13, Mason McTavish 13) at 0:14
4. Los Angeles Kings , Joseph Veleno 6 (Logan Cooley 11, MacKenzie Weegar 11) at 10:11 (PP)
5. Arizona Coyotes , Mason McTavish 6 (Tyler Bertuzzi 9, Mats Zuccarello 14) at 10:50
6. Los Angeles Kings , Will Smith 8 (MacKenzie Weegar 12, Evander Kane 4) at 18:39
Penalties :
Brayden McNabb (AZC) for Roughing (Minor) at 2:52, Radko Gudas (AZC) for Hooking (Minor) at 8:53, Nick Seeler (AZC) for Tripping (Minor) at 13:50, Charlie Coyle (AZC) for Tripping (Minor) at 14:31
3rd period
7. Arizona Coyotes , Mason McTavish 7 (Mats Zuccarello 15, Tyler Bertuzzi 10) at 0:46
8. Los Angeles Kings , Joseph Veleno 7 (Mikey Eyssimont 2) at 3:22
9. Arizona Coyotes , Mats Zuccarello 4 (Mason McTavish 14) at 5:16 (PP)
10. Los Angeles Kings , K'Andre Miller 2 (MacKenzie Weegar 13) at 5:46
11. Arizona Coyotes , Kiefer Sherwood 13 (Charlie Coyle 13, Anders Lee 14) at 6:27
12. Los Angeles Kings , Jansen Harkins 6 (Jackson Blake 4) at 15:47
Penalties :
Andrei Svechnikov (LAK) for Hooking (Minor) at 4:39, Ross Colton (AZC) for Tripping (Minor) at 18:45
Overtime #1
No Goal
Penalties :
No Penalty
Shootout
Arizona Coyotes, Anders Lee - Stopped by Victor Ostman
Los Angeles Kings, Joseph Veleno - Stopped by Tristan Jarry
Arizona Coyotes, Charlie Coyle - Stopped by Victor Ostman
Los Angeles Kings, Jansen Harkins - Shot Misses the Net
Arizona Coyotes, Kiefer Sherwood - Goal!
Los Angeles Kings, Logan Cooley - Stopped by Tristan Jarry
Penalties :
No Penalty
Goalie Stats
Tristan Jarry (AZC), 40 saves from 46 shots - (0.870), W, 4-4-0, 65:00 minutes
Victor Ostman (LAK), 31 saves from 37 shots - (0.838), OTL, 1-8-2, 65:00 minutes
Players Stats for Arizona Coyotes
Player Name G A P +/- PIM S H SB GA TA FO MP PP MP PK MP
------------------------------------------------------------------------------------
Aliaksei Protas 0 0 0 -1 0 2 1 0 1 0 0/0 11:36 0:00 0:00
Anders Lee 0 2 2 -1 0 1 0 1 2 0 2/6 23:52 1:31 4:40
Anthony DeAngelo 0 0 0 1 0 1 0 0 0 0 0/0 13:21 0:00 0:03
Brayden McNabb 0 0 0 -1 2 0 1 4 0 1 0/0 21:53 0:43 3:26
Charlie Coyle 0 1 1 -1 4 4 2 0 0 3 18/32 22:41 1:31 2:54
Erik Haula 0 0 0 -1 0 1 0 0 1 0 1/3 10:53 0:00 3:34
Jared Spurgeon 0 0 0 -1 0 0 1 1 0 2 0/0 23:19 0:43 4:51
Johnathan Kovacevic 0 0 0 -1 0 1 1 3 0 1 0/0 28:20 2:09 5:01
Kiefer Sherwood 2 0 2 -1 0 8 4 0 0 0 2/10 22:43 1:31 3:34
Mason McTavish 2 2 4 2 0 3 1 0 0 0 8/13 17:31 1:21 1:00
Mats Zuccarello 1 3 4 2 0 5 2 0 1 0 0/1 15:28 1:21 0:00
Nick Seeler 0 0 0 1 2 1 1 3 0 0 0/0 15:08 0:00 1:51
Ondrej Palat 0 0 0 -1 0 0 1 0 0 0 0/0 7:14 0:00 0:00
Radko Gudas 0 1 1 -1 2 0 5 0 0 2 0/0 28:14 2:09 4:56
Ross Colton 0 0 0 -1 2 0 0 0 0 0 0/0 7:35 0:00 0:00
Ryan Donato 0 0 0 -1 0 4 3 1 1 0 1/5 10:51 0:00 0:00
Tyler Bertuzzi 1 2 3 2 0 2 3 0 1 0 0/0 15:28 1:21 0:00
Vladimir Tarasenko 0 0 0 -1 0 4 0 0 0 0 2/2 12:34 0:00 1:46
Players Stats for Los Angeles Kings
Player Name G A P +/- PIM S H SB GA TA FO MP PP MP PK MP
------------------------------------------------------------------------------------
Adam Fantilli 1 0 1 0 0 5 2 0 2 1 9/19 22:07 4:43 1:29
Alexander Romanov 0 0 0 1 0 1 2 0 0 1 0/0 12:21 0:00 0:00
Andrei Kuzmenko 0 1 1 0 0 3 1 0 0 0 1/3 18:56 4:43 0:00
Andrei Svechnikov 0 1 1 0 2 0 3 0 1 0 1/2 21:44 4:43 1:03
Charlie McAvoy 0 0 0 -2 0 2 0 2 1 0 0/0 23:17 4:53 1:37
Cooper Marody 0 0 0 1 0 2 0 0 0 0 0/0 8:54 0:00 0:00
Evander Kane 0 1 1 0 2 0 2 2 0 0 10/18 13:52 0:00 0:00
Jackson Blake 0 1 1 0 0 1 1 1 0 0 0/0 11:14 0:00 0:00
Jakub Zboril 0 0 0 1 0 0 0 0 0 0 0/0 12:37 0:00 0:16
Jansen Harkins 1 0 1 0 0 3 2 0 0 0 7/16 19:10 4:27 1:29
Joseph Veleno 2 0 2 1 0 6 2 1 1 1 4/5 14:26 4:27 0:20
K'Andre Miller 1 0 1 2 2 6 2 2 2 2 0/0 29:05 4:17 0:59
Logan Cooley 0 1 1 0 0 4 4 0 1 0 4/6 21:16 4:27 1:23
MacKenzie Weegar 0 3 3 2 0 5 1 3 0 1 0/0 29:22 4:17 1:15
Mikey Eyssimont 0 1 1 1 0 2 2 0 0 0 1/1 10:20 0:00 0:00
Ryan Suter 0 0 0 -2 0 2 0 1 0 1 0/0 23:17 4:53 1:37
Vitali Kravtsov 0 0 0 0 0 0 0 0 0 0 1/1 11:14 0:00 0:00
Will Smith 1 0 1 0 0 4 0 0 1 0 0/1 13:53 0:00 0:00
3 Stars
1 - Mason McTavish (AZC)
2 - Mats Zuccarello (AZC)
3 - Tyler Bertuzzi (AZC)
Power Play
Arizona Coyotes - 2 on 3 Attempt(s) - 66.67%
Los Angeles Kings - 1 on 6 Attempt(s) - 16.67%
Penalty Kill
Arizona Coyotes - 5 on 6 Attempt(s) - 83.33%
- Score 0 goal in Penalty Kill
Los Angeles Kings - 1 on 3 Attempt(s) - 33.33%
- Score 0 goal in Penalty Kill
Team Stat
Arizona Coyotes - Hits : 26 - Faceoff Wins : 34 - Blocked Shots : 13 - Penalty Minutes : 12
Los Angeles Kings - Hits : 24 - Faceoff Wins : 38 - Blocked Shots : 12 - Penalty Minutes : 6
Official
Referees : Dan O'Rourke and Reid Anderson
Linesman : Travis Gawryletz and Kyle Flemington
Game Notes
10:50 of 2nd period - Arizona Coyotes goal is going for a video replay. After video review, Goal.
Finance
Level 1 -- Attendance: 6000 (100.00%) -- Ticket Income $540,000
Level 2 -- Attendance: 4852 (97.04%) -- Ticket Income $242,600
Level 3 -- Attendance: 2680 (89.33%) -- Ticket Income $80,400
Level 4 -- Attendance: 4685 (93.70%) -- Ticket Income $93,700
Luxury Box -- Attendance: 1000 (100.00%) -- Ticket Income $190,000
Game was played at the Staples Center.
Total Attendance: 19217 (96.09%)
Total Ticket Income: $1,146,700
Other Income: $401,345
Total Income: $1,548,045
Arizona Coyotes
5 vs 5 Forward
Center Left Wing Right Wing Time % Phy DF OF
1 Charlie Coyle Anders Lee Kiefer Sherwood 35 1 2 2
2 Mason McTavish Mats Zuccarello Tyler Bertuzzi 30 0 2 3
3 Ryan Donato Aliaksei Protas Vladimir Tarasenko 20 0 2 3
4 Erik Haula Ross Colton Ondrej Palat 15 1 2 2
5 vs 5 Defense
Defense Defense Time % Phy DF OF
1 Radko Gudas Johnathan Kovacevic 40 0 3 2
2 Brayden McNabb Jared Spurgeon 35 0 2 3
3 Anthony DeAngelo Nick Seeler 25 1 3 1
4 Radko Gudas Johnathan Kovacevic 0 1 2 2
PowerPlay Forward
Center Left Wing Right Wing Time % Phy DF OF
1 Charlie Coyle Anders Lee Kiefer Sherwood 55 1 1 3
2 Mason McTavish Mats Zuccarello Tyler Bertuzzi 45 1 1 3
PowerPlay Defense
Defense Defense Time % Phy DF OF
1 Radko Gudas Johnathan Kovacevic 55 1 2 2
2 Brayden McNabb Jared Spurgeon 45 1 2 2
Penalty Kill 4 Players Forward
Center Wing Time % Phy DF OF
1 Anders Lee Charlie Coyle 50 1 3 1
2 Kiefer Sherwood Erik Haula 50 1 3 1
Penalty Kill 4 Players Defense
Defense Defense Time % Phy DF OF
1 Radko Gudas Johnathan Kovacevic 50 1 3 1
2 Brayden McNabb Jared Spurgeon 50 1 3 1
Penalty Kill - 3 Players Forward
Forward Time % Phy DF OF
1 Anders Lee 50 1 2 2
2 Charlie Coyle 50 1 2 2
Penalty Kill - 3 Players Defense
Defense Defense Time % Phy DF OF
1 Radko Gudas Johnathan Kovacevic 50 1 2 2
2 Brayden McNabb Jared Spurgeon 50 1 2 2
4 vs 4 Forward
Center Wing Time % Phy DF OF
1 Anders Lee Charlie Coyle 50 1 2 2
2 Kiefer Sherwood Aliaksei Protas 50 1 2 2
4 vs 4 Defense
Defense Defense Time % Phy DF OF
1 Radko Gudas Johnathan Kovacevic 50 1 2 2
2 Brayden McNabb Jared Spurgeon 50 1 2 2
Last Minutes Offensive
Center Left Wing Right Wing Defense Defense
Charlie Coyle Anders Lee Kiefer Sherwood Radko Gudas Johnathan Kovacevic
Last Minutes Defensive
Center Left Wing Right Wing Defense Defense
Charlie Coyle Anders Lee Kiefer Sherwood Radko Gudas Johnathan Kovacevic
Goaltenders
Starting : Tristan Jarry
Backup : Elvis Merzlikins
Extra Forwards
Normal : Mason McTavish, Ryan Donato, Vladimir Tarasenko - PP : Mason McTavish, Ryan Donato - PK : Vladimir Tarasenko
Extra Defensemen
Normal : Anthony DeAngelo, Nick Seeler, Brayden McNabb - PP : Anthony DeAngelo - PK : Nick Seeler, Brayden McNabb
Penalty Shots
Anders Lee, Charlie Coyle, Kiefer Sherwood, Aliaksei Protas, Mats Zuccarello
Scratches
Jeff Petry (Healthy), Ryan Mast (Healthy), Carter Hart (Healthy)
Los Angeles Kings
5 vs 5 Forward
Center Left Wing Right Wing Time % Phy DF OF
1 Evander Kane Will Smith Logan Cooley 30 1 2 2
2 Adam Fantilli Andrei Svechnikov Andrei Kuzmenko 30 1 2 2
3 Jansen Harkins Vitali Kravtsov Jackson Blake 25 1 2 2
4 Joseph Veleno Mikey Eyssimont Cooper Marody 15 1 2 2
5 vs 5 Defense
Defense Defense Time % Phy DF OF
1 MacKenzie Weegar K'Andre Miller 30 1 2 2
2 Charlie McAvoy Ryan Suter 30 1 2 2
3 Alexander Romanov Jakub Zboril 25 1 2 2
4 MacKenzie Weegar K'Andre Miller 15 1 2 2
PowerPlay Forward
Center Left Wing Right Wing Time % Phy DF OF
1 Joseph Veleno Jansen Harkins Logan Cooley 50 1 2 2
2 Adam Fantilli Andrei Svechnikov Andrei Kuzmenko 50 1 2 2
PowerPlay Defense
Defense Defense Time % Phy DF OF
1 MacKenzie Weegar K'Andre Miller 50 1 2 2
2 Charlie McAvoy Ryan Suter 50 1 2 2
Penalty Kill 4 Players Forward
Center Wing Time % Phy DF OF
1 Adam Fantilli Jansen Harkins 50 1 2 2
2 Logan Cooley Andrei Svechnikov 50 1 2 2
Penalty Kill 4 Players Defense
Defense Defense Time % Phy DF OF
1 MacKenzie Weegar K'Andre Miller 50 1 2 2
2 Charlie McAvoy Ryan Suter 50 1 2 2
Penalty Kill - 3 Players Forward
Forward Time % Phy DF OF
1 Logan Cooley 50 1 2 2
2 Andrei Svechnikov 50 1 2 2
Penalty Kill - 3 Players Defense
Defense Defense Time % Phy DF OF
1 MacKenzie Weegar K'Andre Miller 50 1 2 2
2 Charlie McAvoy Ryan Suter 50 1 2 2
4 vs 4 Forward
Center Wing Time % Phy DF OF
1 Jansen Harkins Adam Fantilli 50 1 2 2
2 Logan Cooley Andrei Svechnikov 50 1 2 2
4 vs 4 Defense
Defense Defense Time % Phy DF OF
1 MacKenzie Weegar K'Andre Miller 50 1 2 2
2 Charlie McAvoy Ryan Suter 50 1 2 2
Last Minutes Offensive
Center Left Wing Right Wing Defense Defense
Evander Kane Will Smith Logan Cooley MacKenzie Weegar K'Andre Miller
Last Minutes Defensive
Center Left Wing Right Wing Defense Defense
Evander Kane Will Smith Logan Cooley MacKenzie Weegar K'Andre Miller
Goaltenders
Starting : Victor Ostman
Backup : Spencer Knight
Extra Forwards
Normal : Mikey Eyssimont, Jansen Harkins, Joseph Veleno - PP : Mikey Eyssimont, Jansen Harkins - PK : Joseph Veleno
Extra Defensemen
Normal : Alexander Romanov, Jakub Zboril, Charlie McAvoy - PP : Alexander Romanov - PK : Jakub Zboril, Charlie McAvoy
Penalty Shots
Joseph Veleno, Jansen Harkins, Logan Cooley, Andrei Svechnikov, Adam Fantilli
Scratches
Seth Jarvis (Healthy), Drew Helleson (Healthy), Carl Lindbom (Healthy)
% Time on Ice - Arizona Coyotes
Lines # - Real PCT - Wanted PCT - Time Play
Normal Forward
1 - 35% - 35% - 16:33
2 - 30% - 30% - 14:12
3 - 21% - 20% - 9:59
4 - 15% - 15% - 7:14
Normal Defense
1 - 40% - 40% - 18:57
2 - 34% - 35% - 16:08
3 - 27% - 25% - 12:53
4 - 0% - 0% - 0:00
PP Forward
1 - 53% - 55% - 1:31
2 - 47% - 45% - 1:21
PP Defense
1 - 75% - 55% - 2:09
2 - 25% - 45% - 0:43
PK Forward
1 - 51% - 50% - 4:00
2 - 49% - 50% - 3:52
PK Defense
1 - 50% - 50% - 3:56
2 - 50% - 50% - 3:56
PK3 Forward
1 - 45% - 50% - 0:55
2 - 55% - 50% - 1:08
PK3 Defense
1 - 53% - 50% - 1:05
2 - 47% - 50% - 0:58
44 Forward
1 - 56% - 50% - 2:22
2 - 44% - 50% - 1:53
44 Defense
1 - 57% - 50% - 2:25
2 - 43% - 50% - 1:50
Last Minute Offensive - 0:00
Last Minute Defensive - 0:00
Total
Forward - 65:00
Defense - 65:00
|
% Time on Ice - Los Angeles Kings
Lines # - Real PCT - Wanted PCT - Time Play
Normal Forward
1 - 29% - 30% - 13:56
2 - 29% - 30% - 13:54
3 - 23% - 25% - 11:14
4 - 19% - 15% - 8:54
Normal Defense
1 - 30% - 30% - 14:35
2 - 31% - 30% - 15:03
3 - 24% - 25% - 11:37
4 - 14% - 15% - 6:43
PP Forward
1 - 49% - 50% - 4:27
2 - 51% - 50% - 4:43
PP Defense
1 - 47% - 50% - 4:17
2 - 53% - 50% - 4:53
PK Forward
1 - 52% - 50% - 1:29
2 - 48% - 50% - 1:23
PK Defense
1 - 44% - 50% - 1:15
2 - 56% - 50% - 1:37
PK3 Forward
1 - 0% - 50%
2 - 0% - 50%
PK3 Defense
1 - 0% - 50%
2 - 0% - 50%
44 Forward
1 - 48% - 50% - 2:23
2 - 52% - 50% - 2:37
44 Defense
1 - 65% - 50% - 3:16
2 - 35% - 50% - 1:44
Last Minute Offensive - 0:00
Last Minute Defensive - 0:00
Total
Forward - 65:00
Defense - 65:00
|
Play-by-Play
1st period
0:01 of 1st period - Charlie Coyle wins face-off versus Logan Cooley in neutral zone.
0:26 of 1st period - Mats Zuccarello is hit by K'Andre Miller and loses puck.
0:35 of 1st period - Wrist shot by Adam Fantilli.
0:35 of 1st period - Stopped by Tristan Jarry without a rebound.
0:36 of 1st period - Vladimir Tarasenko wins face-off versus Jansen Harkins in Arizona Coyotes zone.
1:03 of 1st period - Ryan Suter is hit by Ondrej Palat and loses puck.
1:10 of 1st period - Wrist shot by Erik Haula.
1:10 of 1st period - Stopped by Victor Ostman with a rebound.
1:31 of 1st period - Wrist shot by Kiefer Sherwood.
1:31 of 1st period - Stopped by Victor Ostman with a rebound.
1:51 of 1st period - Snap shot by Charlie McAvoy.
1:51 of 1st period - Shot Misses the Net.
1:53 of 1st period - Slapshot by Charlie McAvoy.
1:53 of 1st period - Deflect By Anthony DeAngelo.
1:53 of 1st period - Stopped by Tristan Jarry with a rebound.
1:55 of 1st period - Slapshot by Charlie McAvoy.
1:55 of 1st period - Stopped by Tristan Jarry with a rebound.
1:57 of 1st period - Slapshot by Cooper Marody.
1:57 of 1st period - Stopped by Tristan Jarry without a rebound.
1:58 of 1st period - Ryan Donato wins face-off versus Andrei Svechnikov in Arizona Coyotes zone.
1:58 of 1st period - Ryan Donato is hit by Adam Fantilli.
2:12 of 1st period - Adam Fantilli is hit by Radko Gudas and loses puck.
2:40 of 1st period - Wrist shot by Adam Fantilli.
2:40 of 1st period - Shot Misses the Net.
2:44 of 1st period - Wrist shot by Adam Fantilli.
2:44 of 1st period - Goal by Adam Fantilli - Arizona Coyotes : 0 - Los Angeles Kings : 1.
2:45 of 1st period - Charlie Coyle wins face-off versus Will Smith in neutral zone.
2:51 of 1st period - Icing by K'Andre Miller.
2:52 of 1st period - Evander Kane wins face-off versus Charlie Coyle in Los Angeles Kings zone.
2:52 of 1st period - Evander Kane is hit by Jared Spurgeon.
3:14 of 1st period - Minor Penalty to Charlie Coyle for Hooking.
3:15 of 1st period - Joseph Veleno wins face-off versus Anders Lee in Arizona Coyotes zone.
3:40 of 1st period - Adam Fantilli is hit by Johnathan Kovacevic.
5:14 of 1st period - Penalty to Charlie Coyle is over, Charlie Coyle is back on ice.
5:24 of 1st period - Wrist shot by Will Smith.
5:24 of 1st period - Shot Misses the Net.
5:40 of 1st period - Snap shot by Mason McTavish.
5:40 of 1st period - Shot Misses the Net.
5:44 of 1st period - Snap shot by Charlie Coyle.
5:44 of 1st period - Stopped by Victor Ostman with a rebound.
5:48 of 1st period - Snap shot by Mason McTavish.
5:48 of 1st period - Stopped by Victor Ostman with a rebound.
5:50 of 1st period - Snap shot by Brayden McNabb.
5:50 of 1st period - Deflect By Charlie Coyle.
5:50 of 1st period - Stopped by Victor Ostman without a rebound.
5:51 of 1st period - Erik Haula wins face-off versus Jansen Harkins in Los Angeles Kings zone.
6:45 of 1st period - Snap shot by Charlie Coyle.
6:45 of 1st period - Shot Misses the Net.
6:57 of 1st period - Wrist shot by Joseph Veleno.
6:57 of 1st period - Stopped by Tristan Jarry with a rebound.
6:59 of 1st period - Slapshot by Mikey Eyssimont.
6:59 of 1st period - Stopped by Tristan Jarry without a rebound.
7:00 of 1st period - Jansen Harkins wins face-off versus Erik Haula in Arizona Coyotes zone.
7:07 of 1st period - Snap shot by Jansen Harkins.
7:07 of 1st period - Shot Blocked by Brayden McNabb.
7:27 of 1st period - Brayden McNabb is hit by Andrei Svechnikov and loses puck.
7:48 of 1st period - Snap shot by Aliaksei Protas.
7:48 of 1st period - Stopped by Victor Ostman without a rebound.
7:49 of 1st period - Evander Kane wins face-off versus Ryan Donato in Los Angeles Kings zone.
7:49 of 1st period - Evander Kane is hit by Radko Gudas.
7:52 of 1st period - Minor Penalty to Evander Kane for Tripping.
7:53 of 1st period - Charlie Coyle wins face-off versus Adam Fantilli in Los Angeles Kings zone.
8:06 of 1st period - Snap shot by Jansen Harkins.
8:06 of 1st period - Shot Blocked by Johnathan Kovacevic.
9:52 of 1st period - Penalty to Evander Kane is over, Evander Kane is back on ice.
10:21 of 1st period - Slapshot by Erik Haula.
10:21 of 1st period - Shot Misses the Net.
12:14 of 1st period - Nick Seeler is hit by Joseph Veleno and loses puck.
12:37 of 1st period - Charlie McAvoy is hit by Kiefer Sherwood and loses puck.
12:52 of 1st period - Ondrej Palat is hit by Logan Cooley.
13:11 of 1st period - K'Andre Miller is hit by Nick Seeler and loses puck.
13:55 of 1st period - Logan Cooley is hit by Brayden McNabb and loses puck.
14:02 of 1st period - Slapshot by Kiefer Sherwood.
14:02 of 1st period - Stopped by Victor Ostman without a rebound.
14:03 of 1st period - Adam Fantilli wins face-off versus Mats Zuccarello in Los Angeles Kings zone.
14:18 of 1st period - Adam Fantilli is hit by Mats Zuccarello and loses puck.
14:29 of 1st period - Jared Spurgeon is hit by Jansen Harkins and loses puck.
14:38 of 1st period - Snap shot by Anders Lee.
14:38 of 1st period - Shot Misses the Net.
15:12 of 1st period - Snap shot by Kiefer Sherwood.
15:12 of 1st period - Stopped by Victor Ostman without a rebound.
15:13 of 1st period - Mason McTavish wins face-off versus Evander Kane in Los Angeles Kings zone.
15:38 of 1st period - Mason McTavish is hit by Jackson Blake and loses puck.
16:04 of 1st period - Slapshot by Ryan Donato.
16:04 of 1st period - Stopped by Victor Ostman with a rebound.
16:06 of 1st period - Slapshot by Johnathan Kovacevic.
16:06 of 1st period - Shot Misses the Net.
16:08 of 1st period - Snap shot by Aliaksei Protas.
16:08 of 1st period - Stopped by Victor Ostman with a rebound.
16:10 of 1st period - Wrist shot by Vladimir Tarasenko.
16:10 of 1st period - Stopped by Victor Ostman without a rebound.
16:11 of 1st period - Charlie Coyle wins face-off versus Evander Kane in Los Angeles Kings zone.
16:24 of 1st period - Snap shot by Charlie Coyle.
16:24 of 1st period - Stopped by Victor Ostman without a rebound.
16:25 of 1st period - Charlie Coyle wins face-off versus Adam Fantilli in Los Angeles Kings zone.
16:38 of 1st period - Slapshot by Anders Lee.
16:38 of 1st period - Shot Misses the Net.
16:40 of 1st period - Snap shot by Anders Lee.
16:40 of 1st period - Shot Misses the Net.
16:46 of 1st period - Minor Penalty to K'Andre Miller for Unsportsmanlike conduct.
16:47 of 1st period - Charlie Coyle wins face-off versus Logan Cooley in Los Angeles Kings zone.
17:00 of 1st period - Snap shot by Anders Lee.
17:00 of 1st period - Stopped by Victor Ostman with a rebound.
17:02 of 1st period - Snap shot by Kiefer Sherwood.
17:02 of 1st period - Goal by Kiefer Sherwood - Arizona Coyotes : 1 - Los Angeles Kings : 1.
17:03 of 1st period - Evander Kane wins face-off versus Mason McTavish in neutral zone.
17:10 of 1st period - Snap shot by Will Smith.
17:10 of 1st period - Stopped by Tristan Jarry with a rebound.
17:15 of 1st period - Off-side.
17:16 of 1st period - Mason McTavish wins face-off versus Jansen Harkins in neutral zone.
17:23 of 1st period - K'Andre Miller is hit by Radko Gudas and loses puck.
18:12 of 1st period - Ondrej Palat is hit by Andrei Svechnikov and loses puck.
18:34 of 1st period - Off-side.
18:35 of 1st period - Logan Cooley wins face-off versus Ryan Donato in neutral zone.
19:02 of 1st period - Radko Gudas is hit by Evander Kane and loses puck.
19:07 of 1st period - Snap shot by Logan Cooley.
19:07 of 1st period - Stopped by Tristan Jarry without a rebound.
19:08 of 1st period - Mason McTavish wins face-off versus Jansen Harkins in Arizona Coyotes zone.
19:40 of 1st period - Backhand shot by Andrei Svechnikov.
19:40 of 1st period - Shot Misses the Net.
Goals for this period are 1 for Arizona Coyotes vs 1 for Los Angeles Kings.
Shots for this period are 14 for Arizona Coyotes vs 9 for Los Angeles Kings.
2nd period
0:01 of 2nd period - Mason McTavish wins face-off versus Evander Kane in neutral zone.
0:12 of 2nd period - Snap shot by Tyler Bertuzzi.
0:12 of 2nd period - Shot Misses the Net.
0:14 of 2nd period - Snap shot by Tyler Bertuzzi.
0:14 of 2nd period - Goal by Tyler Bertuzzi - Arizona Coyotes : 2 - Los Angeles Kings : 1.
0:15 of 2nd period - Charlie Coyle wins face-off versus Jansen Harkins in neutral zone.
0:59 of 2nd period - Charlie McAvoy is hit by Ryan Donato and loses puck.
1:05 of 2nd period - Icing by Andrei Kuzmenko.
1:06 of 2nd period - Charlie Coyle wins face-off versus Adam Fantilli in Los Angeles Kings zone.
1:22 of 2nd period - Adam Fantilli is hit by Charlie Coyle and loses puck.
2:13 of 2nd period - Erik Haula is hit by Mikey Eyssimont.
2:23 of 2nd period - Ondrej Palat is hit by MacKenzie Weegar and loses puck.
2:36 of 2nd period - Snap shot by Adam Fantilli.
2:36 of 2nd period - Shot Misses the Net.
2:38 of 2nd period - Wrist shot by Andrei Kuzmenko.
2:38 of 2nd period - Shot Blocked by Brayden McNabb.
2:40 of 2nd period - Slapshot by Adam Fantilli.
2:40 of 2nd period - Stopped by Tristan Jarry without a rebound.
2:41 of 2nd period - Adam Fantilli wins face-off versus Charlie Coyle in Arizona Coyotes zone.
2:48 of 2nd period - Wrist shot by Adam Fantilli.
2:48 of 2nd period - Stopped by Tristan Jarry without a rebound.
2:49 of 2nd period - Charlie Coyle wins face-off versus Evander Kane in Arizona Coyotes zone.
2:49 of 2nd period - Charlie Coyle is hit by K'Andre Miller.
2:52 of 2nd period - Minor Penalty to Brayden McNabb for Roughing.
2:53 of 2nd period - Kiefer Sherwood wins face-off versus Joseph Veleno in Arizona Coyotes zone.
2:58 of 2nd period - Icing by Joseph Veleno.
2:59 of 2nd period - Joseph Veleno wins face-off versus Kiefer Sherwood in Los Angeles Kings zone.
3:08 of 2nd period - Wrist shot by Jansen Harkins.
3:08 of 2nd period - Stopped by Tristan Jarry with a rebound.
3:10 of 2nd period - Slapshot by MacKenzie Weegar.
3:10 of 2nd period - Stopped by Tristan Jarry without a rebound.
3:11 of 2nd period - Adam Fantilli wins face-off versus Kiefer Sherwood in Arizona Coyotes zone.
3:36 of 2nd period - Jared Spurgeon is hit by Jansen Harkins and loses puck.
4:52 of 2nd period - Penalty to Brayden McNabb is over, Brayden McNabb is back on ice.
5:00 of 2nd period - Wrist shot by Mats Zuccarello.
5:00 of 2nd period - Stopped by Victor Ostman with a rebound.
5:02 of 2nd period - Snap shot by Tyler Bertuzzi.
5:02 of 2nd period - Shot Blocked by K'Andre Miller.
5:04 of 2nd period - Slapshot by Nick Seeler.
5:04 of 2nd period - Stopped by Victor Ostman without a rebound.
5:05 of 2nd period - Evander Kane wins face-off versus Mason McTavish in Los Angeles Kings zone.
5:05 of 2nd period - Evander Kane is hit by Tyler Bertuzzi.
5:17 of 2nd period - Snap shot by Tyler Bertuzzi.
5:17 of 2nd period - Shot Blocked by Charlie McAvoy.
5:19 of 2nd period - Slapshot by Nick Seeler.
5:19 of 2nd period - Shot Misses the Net.
5:21 of 2nd period - Snap shot by Nick Seeler.
5:21 of 2nd period - Shot Misses the Net.
5:49 of 2nd period - Snap shot by Andrei Kuzmenko.
5:49 of 2nd period - Shot Blocked by Anders Lee.
6:01 of 2nd period - Jansen Harkins is hit by Kiefer Sherwood and loses puck.
6:36 of 2nd period - Andrei Svechnikov is hit by Tyler Bertuzzi and loses puck.
7:03 of 2nd period - Slapshot by Ryan Donato.
7:03 of 2nd period - Stopped by Victor Ostman without a rebound.
7:04 of 2nd period - Charlie Coyle wins face-off versus Jansen Harkins in Los Angeles Kings zone.
7:07 of 2nd period - Snap shot by Kiefer Sherwood.
7:07 of 2nd period - Shot Misses the Net.
7:15 of 2nd period - Snap shot by Charlie Coyle.
7:15 of 2nd period - Shot Misses the Net.
7:29 of 2nd period - Johnathan Kovacevic is hit by Logan Cooley and loses puck.
7:36 of 2nd period - Snap shot by Will Smith.
7:36 of 2nd period - Stopped by Tristan Jarry without a rebound.
7:37 of 2nd period - Mason McTavish wins face-off versus Evander Kane in Arizona Coyotes zone.
7:44 of 2nd period - Backhand shot by Mats Zuccarello.
7:44 of 2nd period - Stopped by Victor Ostman without a rebound.
7:45 of 2nd period - Mason McTavish wins face-off versus Evander Kane in Los Angeles Kings zone.
7:52 of 2nd period - Slapshot by Mats Zuccarello.
7:52 of 2nd period - Stopped by Victor Ostman with a rebound.
7:54 of 2nd period - Slapshot by Tyler Bertuzzi.
7:54 of 2nd period - Stopped by Victor Ostman with a rebound.
7:56 of 2nd period - Snap shot by Mats Zuccarello.
7:56 of 2nd period - Stopped by Victor Ostman without a rebound.
7:57 of 2nd period - Jansen Harkins wins face-off versus Charlie Coyle in Los Angeles Kings zone.
8:02 of 2nd period - Slapshot by K'Andre Miller.
8:02 of 2nd period - Stopped by Tristan Jarry without a rebound.
8:03 of 2nd period - Charlie Coyle wins face-off versus Jansen Harkins in Arizona Coyotes zone.
8:08 of 2nd period - Slapshot by Johnathan Kovacevic.
8:08 of 2nd period - Shot Blocked by MacKenzie Weegar.
8:10 of 2nd period - Slapshot by Johnathan Kovacevic.
8:10 of 2nd period - Deflect By Jackson Blake.
8:10 of 2nd period - Stopped by Victor Ostman without a rebound.
8:11 of 2nd period - Charlie Coyle wins face-off versus Adam Fantilli in Los Angeles Kings zone.
8:20 of 2nd period - Kiefer Sherwood is hit by Andrei Svechnikov and loses puck.
8:27 of 2nd period - Snap shot by Adam Fantilli.
8:27 of 2nd period - Shot Misses the Net.
8:53 of 2nd period - Minor Penalty to Radko Gudas for Hooking.
8:54 of 2nd period - Adam Fantilli wins face-off versus Kiefer Sherwood in Arizona Coyotes zone.
9:29 of 2nd period - Slapshot by Joseph Veleno.
9:29 of 2nd period - Shot Misses the Net.
9:41 of 2nd period - Wrist shot by Kiefer Sherwood.
9:41 of 2nd period - Stopped by Victor Ostman without a rebound.
9:42 of 2nd period - Adam Fantilli wins face-off versus Kiefer Sherwood in Los Angeles Kings zone.
10:09 of 2nd period - Slapshot by Logan Cooley.
10:09 of 2nd period - Shot Blocked by Johnathan Kovacevic.
10:11 of 2nd period - Snap shot by Joseph Veleno.
10:11 of 2nd period - Goal by Joseph Veleno - Arizona Coyotes : 2 - Los Angeles Kings : 2.
10:12 of 2nd period - Charlie Coyle wins face-off versus Andrei Kuzmenko in neutral zone.
10:48 of 2nd period - Snap shot by Mason McTavish.
10:48 of 2nd period - Shot Blocked by Jackson Blake.
10:50 of 2nd period - Wrist shot by Mason McTavish.
10:50 of 2nd period - Arizona Coyotes goal is going for a video replay.
10:50 of 2nd period - The goal is good.
10:50 of 2nd period - Goal by Mason McTavish - Arizona Coyotes : 3 - Los Angeles Kings : 2.
10:51 of 2nd period - Evander Kane wins face-off versus Charlie Coyle in neutral zone.
11:37 of 2nd period - Vitali Kravtsov is hit by Ryan Donato and loses puck.
11:46 of 2nd period - Wrist shot by Aliaksei Protas.
11:46 of 2nd period - Shot Blocked by Ryan Suter.
11:48 of 2nd period - Snap shot by Ryan Donato.
11:48 of 2nd period - Deflect By Vladimir Tarasenko.
11:48 of 2nd period - Stopped by Victor Ostman with a rebound.
12:00 of 2nd period - Jared Spurgeon is hit by Mikey Eyssimont and loses puck.
12:27 of 2nd period - Snap shot by Charlie Coyle.
12:27 of 2nd period - Stopped by Victor Ostman without a rebound.
12:28 of 2nd period - Evander Kane wins face-off versus Mason McTavish in Los Angeles Kings zone.
12:37 of 2nd period - Snap shot by Logan Cooley.
12:37 of 2nd period - Shot Blocked by Jared Spurgeon.
13:18 of 2nd period - Nick Seeler is hit by Alexander Romanov.
13:22 of 2nd period - Wrist shot by Joseph Veleno.
13:22 of 2nd period - Shot Blocked by Nick Seeler.
13:40 of 2nd period - Slapshot by MacKenzie Weegar.
13:40 of 2nd period - Stopped by Tristan Jarry with a rebound.
13:42 of 2nd period - Wrist shot by MacKenzie Weegar.
13:42 of 2nd period - Stopped by Tristan Jarry with a rebound.
13:44 of 2nd period - Snap shot by K'Andre Miller.
13:44 of 2nd period - Stopped by Tristan Jarry with a rebound.
13:50 of 2nd period - Minor Penalty to Nick Seeler for Tripping.
13:51 of 2nd period - Adam Fantilli wins face-off versus Anders Lee in Arizona Coyotes zone.
14:31 of 2nd period - Minor Penalty to Charlie Coyle for Tripping.
14:32 of 2nd period - Anders Lee wins face-off versus Adam Fantilli in Arizona Coyotes zone.
14:58 of 2nd period - Radko Gudas is hit by Logan Cooley and loses puck.
15:27 of 2nd period - Snap shot by Vladimir Tarasenko.
15:27 of 2nd period - Stopped by Victor Ostman without a rebound.
15:28 of 2nd period - Vladimir Tarasenko wins face-off versus Adam Fantilli in Los Angeles Kings zone.
15:50 of 2nd period - Penalty to Nick Seeler is over, Nick Seeler is back on ice.
16:31 of 2nd period - Penalty to Charlie Coyle is over, Charlie Coyle is back on ice.
17:09 of 2nd period - Slapshot by MacKenzie Weegar.
17:09 of 2nd period - Shot Blocked by Nick Seeler.
17:38 of 2nd period - Icing by Jared Spurgeon.
17:39 of 2nd period - Adam Fantilli wins face-off versus Mason McTavish in Arizona Coyotes zone.
18:31 of 2nd period - Off-side.
18:32 of 2nd period - Evander Kane wins face-off versus Charlie Coyle in neutral zone.
18:39 of 2nd period - Wrist shot by Will Smith.
18:39 of 2nd period - Goal by Will Smith - Arizona Coyotes : 3 - Los Angeles Kings : 3.
18:40 of 2nd period - Charlie Coyle wins face-off versus Evander Kane in neutral zone.
18:51 of 2nd period - Logan Cooley is hit by Kiefer Sherwood.
19:05 of 2nd period - Jackson Blake is hit by Mats Zuccarello and loses puck.
19:34 of 2nd period - Snap shot by Vladimir Tarasenko.
19:34 of 2nd period - Stopped by Victor Ostman with a rebound.
19:36 of 2nd period - Backhand shot by Brayden McNabb.
19:36 of 2nd period - Shot Blocked by Joseph Veleno.
19:38 of 2nd period - Snap shot by Ryan Donato.
19:38 of 2nd period - Stopped by Victor Ostman without a rebound.
19:39 of 2nd period - Evander Kane wins face-off versus Charlie Coyle in Los Angeles Kings zone.
19:54 of 2nd period - Evander Kane is hit by Charlie Coyle and loses puck.
Goals for this period are 2 for Arizona Coyotes vs 2 for Los Angeles Kings.
Shots for this period are 16 for Arizona Coyotes vs 11 for Los Angeles Kings.
3rd period
0:01 of 3rd period - Charlie Coyle wins face-off versus Andrei Kuzmenko in neutral zone.
0:26 of 3rd period - K'Andre Miller is hit by Radko Gudas and loses puck.
0:32 of 3rd period - Off-side.
0:33 of 3rd period - Mason McTavish wins face-off versus Evander Kane in neutral zone.
0:46 of 3rd period - Snap shot by Mason McTavish.
0:46 of 3rd period - Goal by Mason McTavish - Arizona Coyotes : 4 - Los Angeles Kings : 3.
0:47 of 3rd period - Vitali Kravtsov wins face-off versus Charlie Coyle in neutral zone.
1:24 of 3rd period - Snap shot by Andrei Kuzmenko.
1:24 of 3rd period - Shot Misses the Net.
1:26 of 3rd period - Backhand shot by K'Andre Miller.
1:26 of 3rd period - Deflect By Mats Zuccarello.
1:26 of 3rd period - Stopped by Tristan Jarry without a rebound.
1:27 of 3rd period - Evander Kane wins face-off versus Charlie Coyle in Arizona Coyotes zone.
1:28 of 3rd period - Slapshot by Logan Cooley.
1:28 of 3rd period - Stopped by Tristan Jarry with a rebound.
1:37 of 3rd period - Evander Kane is hit by Kiefer Sherwood and loses puck.
1:52 of 3rd period - Evander Kane is hit by Aliaksei Protas and loses puck.
1:59 of 3rd period - Slapshot by Alexander Romanov.
1:59 of 3rd period - Stopped by Tristan Jarry with a rebound.
2:01 of 3rd period - Wrist shot by Will Smith.
2:01 of 3rd period - Stopped by Tristan Jarry with a rebound.
2:03 of 3rd period - Wrist shot by Logan Cooley.
2:03 of 3rd period - Stopped by Tristan Jarry with a rebound.
2:05 of 3rd period - Slapshot by Ryan Suter.
2:05 of 3rd period - Deflect By Vladimir Tarasenko.
2:05 of 3rd period - Stopped by Tristan Jarry with a rebound.
2:07 of 3rd period - Slapshot by Charlie McAvoy.
2:07 of 3rd period - Shot Blocked by Ryan Donato.
2:09 of 3rd period - Wrist shot by Will Smith.
2:09 of 3rd period - Deflect By Logan Cooley.
2:09 of 3rd period - Shot Blocked by Nick Seeler.
2:09 of 3rd period - Puck is out of play.
2:10 of 3rd period - Andrei Kuzmenko wins face-off versus Kiefer Sherwood in Arizona Coyotes zone.
2:11 of 3rd period - Snap shot by Adam Fantilli.
2:11 of 3rd period - Shot Blocked by Johnathan Kovacevic.
2:13 of 3rd period - Wrist shot by MacKenzie Weegar.
2:13 of 3rd period - Stopped by Tristan Jarry without a rebound.
2:14 of 3rd period - Andrei Svechnikov wins face-off versus Charlie Coyle in Arizona Coyotes zone.
2:14 of 3rd period - MacKenzie Weegar is hit by Radko Gudas and loses puck.
2:41 of 3rd period - Snap shot by Jackson Blake.
2:41 of 3rd period - Stopped by Tristan Jarry with a rebound.
2:43 of 3rd period - Slapshot by K'Andre Miller.
2:43 of 3rd period - Stopped by Tristan Jarry with a rebound.
2:45 of 3rd period - Slapshot by MacKenzie Weegar.
2:45 of 3rd period - Stopped by Tristan Jarry with a rebound.
2:47 of 3rd period - Snap shot by Jackson Blake.
2:47 of 3rd period - Shot Misses the Net.
3:17 of 3rd period - Jared Spurgeon is hit by Joseph Veleno and loses puck.
3:22 of 3rd period - Snap shot by Joseph Veleno.
3:22 of 3rd period - Goal by Joseph Veleno - Arizona Coyotes : 4 - Los Angeles Kings : 4.
3:23 of 3rd period - Charlie Coyle wins face-off versus Adam Fantilli in neutral zone.
3:48 of 3rd period - Jackson Blake is hit by Mason McTavish and loses puck.
4:07 of 3rd period - Snap shot by Joseph Veleno.
4:07 of 3rd period - Shot Misses the Net.
4:09 of 3rd period - Snap shot by Cooper Marody.
4:09 of 3rd period - Stopped by Tristan Jarry with a rebound.
4:11 of 3rd period - Slapshot by Joseph Veleno.
4:11 of 3rd period - Shot Blocked by Brayden McNabb.
4:17 of 3rd period - Wrist shot by Joseph Veleno.
4:17 of 3rd period - Stopped by Tristan Jarry without a rebound.
4:18 of 3rd period - Charlie Coyle wins face-off versus Adam Fantilli in Arizona Coyotes zone.
4:39 of 3rd period - Minor Penalty to Andrei Svechnikov for Hooking.
4:40 of 3rd period - Logan Cooley wins face-off versus Charlie Coyle in Los Angeles Kings zone.
5:05 of 3rd period - Ryan Suter is hit by Tyler Bertuzzi and loses puck.
5:16 of 3rd period - Snap shot by Mats Zuccarello.
5:16 of 3rd period - Goal by Mats Zuccarello - Arizona Coyotes : 5 - Los Angeles Kings : 4.
5:17 of 3rd period - Jansen Harkins wins face-off versus Charlie Coyle in neutral zone.
5:46 of 3rd period - Snap shot by K'Andre Miller.
5:46 of 3rd period - Goal by K'Andre Miller - Arizona Coyotes : 5 - Los Angeles Kings : 5.
5:47 of 3rd period - Charlie Coyle wins face-off versus Adam Fantilli in neutral zone.
5:55 of 3rd period - Off-side.
5:56 of 3rd period - Adam Fantilli wins face-off versus Charlie Coyle in neutral zone.
6:27 of 3rd period - Wrist shot by Kiefer Sherwood.
6:27 of 3rd period - Goal by Kiefer Sherwood - Arizona Coyotes : 6 - Los Angeles Kings : 5.
6:28 of 3rd period - Evander Kane wins face-off versus Mason McTavish in neutral zone.
6:39 of 3rd period - Snap shot by Logan Cooley.
6:39 of 3rd period - Stopped by Tristan Jarry without a rebound.
6:40 of 3rd period - Mason McTavish wins face-off versus Jansen Harkins in Arizona Coyotes zone.
7:32 of 3rd period - Snap shot by Ryan Donato.
7:32 of 3rd period - Stopped by Victor Ostman with a rebound.
7:45 of 3rd period - Off-side.
7:46 of 3rd period - Joseph Veleno wins face-off versus Erik Haula in neutral zone.
8:17 of 3rd period - Slapshot by Charlie Coyle.
8:17 of 3rd period - Shot Blocked by K'Andre Miller.
8:19 of 3rd period - Slapshot by Jared Spurgeon.
8:19 of 3rd period - Shot Blocked by Evander Kane.
8:21 of 3rd period - Slapshot by Kiefer Sherwood.
8:21 of 3rd period - Shot Blocked by Evander Kane.
9:28 of 3rd period - Erik Haula is hit by Logan Cooley and loses puck.
10:15 of 3rd period - Snap shot by Charlie McAvoy.
10:15 of 3rd period - Shot Misses the Net.
10:17 of 3rd period - Slapshot by Charlie McAvoy.
10:17 of 3rd period - Shot Misses the Net.
10:21 of 3rd period - Snap shot by Joseph Veleno.
10:21 of 3rd period - Shot Misses the Net.
10:23 of 3rd period - Snap shot by Joseph Veleno.
10:23 of 3rd period - Shot Misses the Net.
10:29 of 3rd period - Wrist shot by Mikey Eyssimont.
10:29 of 3rd period - Shot Misses the Net.
10:31 of 3rd period - Wrist shot by Cooper Marody.
10:31 of 3rd period - Shot Misses the Net.
10:33 of 3rd period - Slapshot by Mikey Eyssimont.
10:33 of 3rd period - Stopped by Tristan Jarry without a rebound.
10:34 of 3rd period - Jansen Harkins wins face-off versus Charlie Coyle in Arizona Coyotes zone.
10:47 of 3rd period - Wrist shot by Jansen Harkins.
10:47 of 3rd period - Stopped by Tristan Jarry with a rebound.
10:49 of 3rd period - Wrist shot by Jansen Harkins.
10:49 of 3rd period - Shot Misses the Net.
10:59 of 3rd period - Vladimir Tarasenko is hit by Evander Kane and loses puck.
11:06 of 3rd period - Will Smith is hit by Ryan Donato and loses puck.
11:30 of 3rd period - Wrist shot by K'Andre Miller.
11:30 of 3rd period - Shot Blocked by Brayden McNabb.
11:32 of 3rd period - Slapshot by K'Andre Miller.
11:32 of 3rd period - Stopped by Tristan Jarry without a rebound.
11:33 of 3rd period - Jansen Harkins wins face-off versus Charlie Coyle in Arizona Coyotes zone.
11:46 of 3rd period - Slapshot by MacKenzie Weegar.
11:46 of 3rd period - Shot Hit the Post.
11:48 of 3rd period - Slapshot by K'Andre Miller.
11:48 of 3rd period - Shot Misses the Net.
12:08 of 3rd period - Snap shot by Adam Fantilli.
12:08 of 3rd period - Deflect By Tyler Bertuzzi.
12:08 of 3rd period - Stopped by Tristan Jarry with a rebound.
12:22 of 3rd period - Snap shot by Charlie McAvoy.
12:22 of 3rd period - Shot Misses the Net.
12:24 of 3rd period - Slapshot by Ryan Suter.
12:24 of 3rd period - Stopped by Tristan Jarry with a rebound.
13:12 of 3rd period - Snap shot by Charlie Coyle.
13:12 of 3rd period - Shot Hit the Post.
13:14 of 3rd period - Slapshot by Johnathan Kovacevic.
13:14 of 3rd period - Shot Misses the Net.
13:24 of 3rd period - Brayden McNabb is hit by Andrei Kuzmenko and loses puck.
15:28 of 3rd period - Wrist shot by Andrei Kuzmenko.
15:28 of 3rd period - Shot Misses the Net.
15:47 of 3rd period - Slapshot by Jansen Harkins.
15:47 of 3rd period - Goal by Jansen Harkins - Arizona Coyotes : 6 - Los Angeles Kings : 6.
15:48 of 3rd period - Jansen Harkins wins face-off versus Ryan Donato in neutral zone.
16:38 of 3rd period - Wrist shot by Kiefer Sherwood.
16:38 of 3rd period - Stopped by Victor Ostman with a rebound.
16:40 of 3rd period - Slapshot by Anthony DeAngelo.
16:40 of 3rd period - Stopped by Victor Ostman with a rebound.
16:42 of 3rd period - Snap shot by Nick Seeler.
16:42 of 3rd period - Deflect By Kiefer Sherwood.
16:42 of 3rd period - Shot Misses the Net.
16:42 of 3rd period - Puck is out of play.
16:43 of 3rd period - Jansen Harkins wins face-off versus Ryan Donato in Los Angeles Kings zone.
17:08 of 3rd period - Erik Haula is hit by Alexander Romanov and loses puck.
17:39 of 3rd period - Snap shot by Joseph Veleno.
17:39 of 3rd period - Stopped by Tristan Jarry with a rebound.
18:45 of 3rd period - Minor Penalty to Ross Colton for Tripping.
18:46 of 3rd period - Joseph Veleno wins face-off versus Anders Lee in Arizona Coyotes zone.
18:59 of 3rd period - Slapshot by Charlie McAvoy.
18:59 of 3rd period - Deflect By Joseph Veleno.
18:59 of 3rd period - Shot Misses the Net.
18:59 of 3rd period - Puck is out of play.
19:00 of 3rd period - Adam Fantilli wins face-off versus Kiefer Sherwood in Arizona Coyotes zone.
19:34 of 3rd period - Wrist shot by Joseph Veleno.
19:34 of 3rd period - Stopped by Tristan Jarry without a rebound.
19:35 of 3rd period - Kiefer Sherwood wins face-off versus Adam Fantilli in Arizona Coyotes zone.
19:35 of 3rd period - Kiefer Sherwood is hit by Adam Fantilli.
Goals for this period are 3 for Arizona Coyotes vs 3 for Los Angeles Kings.
Shots for this period are 6 for Arizona Coyotes vs 23 for Los Angeles Kings.
Overtime #1
0:01 of 1st overtime period - Anders Lee wins face-off versus Jansen Harkins in neutral zone.
0:06 of 1st overtime period - Snap shot by Brayden McNabb.
0:06 of 1st overtime period - Shot Blocked by MacKenzie Weegar.
0:45 of 1st overtime period - Penalty to Ross Colton is over, Ross Colton is back on ice.
0:58 of 1st overtime period - Wrist shot by Anders Lee.
0:58 of 1st overtime period - Shot Blocked by MacKenzie Weegar.
1:12 of 1st overtime period - Wrist shot by Kiefer Sherwood.
1:12 of 1st overtime period - Stopped by Victor Ostman without a rebound.
1:13 of 1st overtime period - Logan Cooley wins face-off versus Kiefer Sherwood in Los Angeles Kings zone.
1:28 of 1st overtime period - Wrist shot by Aliaksei Protas.
1:28 of 1st overtime period - Shot Blocked by Charlie McAvoy.
4:35 of 1st overtime period - Snap shot by Andrei Kuzmenko.
4:35 of 1st overtime period - Stopped by Tristan Jarry without a rebound.
4:36 of 1st overtime period - Mikey Eyssimont wins face-off versus Kiefer Sherwood in Arizona Coyotes zone.
4:37 of 1st overtime period - Snap shot by Andrei Kuzmenko.
4:37 of 1st overtime period - Stopped by Tristan Jarry with a rebound.
4:39 of 1st overtime period - Snap shot by Andrei Kuzmenko.
4:39 of 1st overtime period - Stopped by Tristan Jarry without a rebound.
4:40 of 1st overtime period - Logan Cooley wins face-off versus Anders Lee in Arizona Coyotes zone.
Goals for this period are 0 for Arizona Coyotes vs 0 for Los Angeles Kings.
Shots for this period are 1 for Arizona Coyotes vs 3 for Los Angeles Kings.
ShootOut
5:00 of 1st overtime period - Round #1.
5:00 of 1st overtime period - Arizona Coyotes, Anders Lee.
5:00 of 1st overtime period - Wrist shot by Anders Lee.
5:00 of 1st overtime period - Stopped by Victor Ostman.
5:00 of 1st overtime period - Los Angeles Kings, Joseph Veleno.
5:00 of 1st overtime period - Deke by Joseph Veleno.
5:00 of 1st overtime period - Stopped by Tristan Jarry.
5:00 of 1st overtime period - Round #2.
5:00 of 1st overtime period - Arizona Coyotes, Charlie Coyle.
5:00 of 1st overtime period - Snap shot by Charlie Coyle.
5:00 of 1st overtime period - Stopped by Victor Ostman.
5:00 of 1st overtime period - Los Angeles Kings, Jansen Harkins.
5:00 of 1st overtime period - Snap shot by Jansen Harkins.
5:00 of 1st overtime period - Shot Misses the Net.
5:00 of 1st overtime period - Round #3.
5:00 of 1st overtime period - Arizona Coyotes, Kiefer Sherwood.
5:00 of 1st overtime period - Wrist shot by Kiefer Sherwood.
5:00 of 1st overtime period - Goal by Kiefer Sherwood.
5:00 of 1st overtime period - Los Angeles Kings, Logan Cooley.
5:00 of 1st overtime period - Deke by Logan Cooley.
5:00 of 1st overtime period - Stopped by Tristan Jarry.
Back to the Top